 Dungeon Crawl Stone Soup version 0.20.1-1-g8b1a95d66d (webtiles) character file.

980 Gargoyl the Skirmisher (level 7, -1/61 HPs)
             Began as a Centaur Abyssal Knight on Dec 7, 2017.
             Was a Believer of Lugonu.
             Slain by a scorpion (6 damage)
             ... on level 6 of the Dungeon.
             The game lasted 00:10:05 (6475 turns).

Gargoyl the Skirmisher (Centaur Abyssal Knight)     Turns: 6475, Time: 00:10:05

Health: -1/61      AC:  8    Str: 15    XL:     7   Next: 96%
Magic:  9/9        EV:  5    Int: 11    God:    Lugonu [**....]
Gold:   217        SH:  0    Dex: 10    Spells: 6/6 levels left

rFire    . . .     SeeInvis .   q - +0 war axe
rCold    + . .     Gourm    .   (no shield)
rNeg     . . .     Faith    .   s - +0 chain mail {rC+}
rPois    .         Spirit   .   (no helmet)
rElec    .         Reflect  .   (no cloak)
rCorr    .         Harm     .   (no gloves)
MR       .....                  (no barding)
Stlth    ..........             (no amulet)
Regen    0.2/turn               (no ring)
MPRegen  0.2/turn               (no ring)

@: very quick
A: hooves 3, deformed body, speed 2, tough skin 3
a: Depart the Abyss, Bend Space, Renounce Religion


You were on level 6 of the Dungeon.
You worshipped Lugonu.
Lugonu was pleased with you.
You were not hungry.

You visited 1 branch of the dungeon, and saw 6 of its levels.
You visited the Abyss 1 time.

You collected 217 gold pieces.

Inventory:

Hand Weapons
 a - a +1 hand axe
 q - a +0 war axe (weapon)
Armour
 s - a +0 chain mail of cold resistance (worn)
Jewellery
 u - an uncursed ring of protection from fire {unknown}
Wands
 e - a wand of flame (12/48)
 f - a wand of random effects (5/48)
 h - a wand of disintegration (9/24)
 i - a wand of lightning (0/15)
Scrolls
 g - 2 scrolls of identify
 m - 3 scrolls of teleportation
 p - a scroll of fear
 v - a scroll of magic mapping {unknown}
Potions
 b - a potion of flight {unknown}
 j - a potion of agility {unknown}
 l - 3 potions of magic
 n - a potion of might {unknown}
 o - a potion of heal wounds {unknown}
 t - a potion of haste {unknown}
Comestibles
 c - 2 bread rations
 k - 3 royal jellies
 r - a meat ration


   Skills:
 + Level 5.5 Fighting
 + Level 4.1 Axes
 * Level 4.4 Armour
 + Level 1.3 Dodging
 * Level 3.8 Invocations
 + Level 0.3 Evocations


You had 6 spell levels left.
You didn't know any spells.

Dungeon Overview and Level Annotations

Branches:
Dungeon (6/15)             Temple (0/1) D:5

Altars:
Nemelex Xobeh

Annotations:
D:5 tensugalgo's ghost, novice DsGl
D:6 Edmund


Innate Abilities, Weirdness & Mutations

You have hooves in place of feet.
Armour fits poorly on your strangely shaped body.
You cover ground very quickly.
You have extremely tough skin. (AC +3)


Message History

* * * LOW HITPOINT WARNING * * *
You slash the orc priest!
You kill the orc priest!
Lugonu accepts your kill.
Your chain mail prevents you from hitting the ice beast.
The ice beast barely misses you.
The orc hits you from afar with a trident.
* * * LOW HITPOINT WARNING * * *
The ice beast hits you.
* * * LOW HITPOINT WARNING * * *
The ice beast freezes you. You resist.
* * * LOW HITPOINT WARNING * * *
You feel better.
The orc hits you from afar with a trident.
* * * LOW HITPOINT WARNING * * *
The ice beast hits you but does no damage.
You see here a club.
The iguana hisses angrily.
The scorpion stings you.
You die...

..#.####.#..(.###.......#
.^....#.....## ......#
#....#..)### ?....# #....##..##
.....# #.........# ......
#.....(##.#####..##@######
##..o...##.##....##.......#
###....##.##................#
#...#####.##s@....##........#
#..>[.)o.Y..................#
#)...####....#.l....#######.###
...#........###......# .#
.########.### #......# . ...
######## . .... #####


You could see an ice beast, a scorpion, an iguana and an orc.

Vanquished Creatures
  A neqoxec (Abyss:2)
  2 phantoms (D:4)
  An ogre (D:4)
  A centaur (D:6)
  A big kobold (D:4)
  A scorpion (D:3)
  A bullfrog zombie (D:3)
  A hound (D:5)
  A centaur zombie (D:5)
  An orc priest (D:6)
  3 worker ants
  3 gnolls (D:4)
  7 adders
  6 worms
  3 dart slugs
  A leopard gecko (D:2)
  5 orcs
  7 bats
  6 giant cockroaches
  3 goblins
  5 hobgoblins
  6 jackals
  A quokka (D:4)
  A ball python (D:1)
  4 frilled lizards
  10 kobolds
  A quokka skeleton (D:4)
  6 rats
89 creatures vanquished.

Notes
Turn   | Place    | Note
-------+----------+-------------------------------------------
     0 | Abyss:1  | Gargoyl the Centaur Abyssal Knight began the quest for the Orb.
     0 | Abyss:1  | Reached XP level 1. HP: 19/19 MP: 2/2
    28 | Abyss:1  | Noticed a quasit
    30 | Abyss:1  | Noticed a worldbinder
    45 | Abyss:1  | Noticed a small abomination
    66 | Abyss:1  | Noticed a small abomination
    71 | Abyss:1  | Noticed a bone dragon
    79 | Abyss:1  | Noticed a small abomination
   165 | Abyss:2  | Noticed a neqoxec
   167 | Abyss:2  | Killed a neqoxec
   167 | Abyss:2  | Reached skill level 4 in Fighting
   167 | Abyss:2  | Reached XP level 2. HP: 28/28 MP: 3/3
   167 | Abyss:2  | Reached XP level 3. HP: 35/35 MP: 4/4
   167 | Abyss:2  | Reached XP level 4. HP: 41/41 MP: 5/5
   179 | Abyss:2  | Noticed a raiju
   179 | Abyss:2  | Noticed a raiju
   187 | D:1      | Escaped the Abyss
   527 | D:1      | Reached XP level 5. HP: 36/47 MP: 6/6
   657 | D:1      | Reached * piety under Lugonu
  1074 | D:1      | Reached skill level 5 in Fighting
  2025 | D:2      | Found a sparkling altar of Nemelex Xobeh.
  2766 | D:3      | Reached ** piety under Lugonu
  3467 | D:3      | Reached XP level 6. HP: 24/56 MP: 8/8
  4491 | D:4      | Reached skill level 1 in Dodging
  4491 | D:4      | Reached XP level 7. HP: 42/61 MP: 9/9
  5333 | D:5      | Entered Level 5 of the Dungeon
  5725 | D:5      | Found a staircase to the Ecumenical Temple.
  5844 | D:5      | Noticed tensugalgo's ghost (novice DsGl)
  6429 | D:6      | Noticed Edmund
  6466 | D:6      | HP: 2/61 [ice beast (5)]
  6475 | D:6      | Slain by a scorpion

Skill      XL: |  1  2  3  4  5  6  7 |
---------------+----------------------+-----
Fighting       | 4 5 |  5.5
Axes           | 2 3 4 |  4.1
Armour         | 2 3 4 |  4.4
Invocations    | 3 |  3.8
Dodging        | 1 |  1.3
Evocations     | |  0.3

Action                   |  1- 3 |  4- 6 |  7- 9 || total
-------------------------+-------+-------+-------++-------
Melee: Hand axe          |       |   221 |    17 ||   238
       Kick              |       |    47 |    24 ||    71
       War axe           |       |       |    95 ||    95
Invok: Depart the Abyss  |       |     1 |       ||     1
Evoke: Wand              |     2 |     4 |     6 ||    12
  Use: Scroll            |       |    10 |     2 ||    12
       Potion            |       |     1 |     1 ||     2
 Stab: Paralysed         |       |       |     7 ||     7
  Eat: Chunk             |       |     9 |     5 ||    14
Armor: Ring mail         |       |    29 |       ||    29
       Chain mail        |       |   139 |   100 ||   239
Dodge: Dodged            |     2 |    86 |    23 ||   111
